 Dungeon Crawl Stone Soup version 0.31-a0-360-gb3e1d13bf4 (webtiles) character file.

Game seed: 5699600325148700248

2946 Dordric the Grappler (level 9, -15/108 (112) HPs)
             Began as a Troll Shapeshifter on July 26, 2023.
             Was a Follower of Trog.
             Demolished by a tengu warrior
             ... wielding a +0 war axe
              (18 damage)
             ... on level 8 of the Dungeon.
             The game lasted 00:05:25 (5351 turns).

Dordric the Grappler (Troll Shapeshifter)           Turns: 5351, Time: 00:05:25

HP:   -15/108 (112) AC:  8    Str: 25    XL:     9   Next: 51%
MP:   8/8           EV: 10    Int:  4    God:    Trog [*.....]
Gold: 311           SH:  0    Dex: 20    Spells: 8/8 levels left

rFire   . .          .
                       - Unarmed
rCold   . . .        (no shield)
rNeg    . . .        y - +0 acid dragon scales
rPois   .            (helmet currently unavailable)
rElec   .            (cloak currently unavailable)
rCorr   +            (gloves unavailable)
SInv    .            (boots unavailable)
Will    .....        (no amulet) Stlth
                     z - +6 ring of dexterity
HPRegen 1.18/turn    (no ring)
MPRegen 0.11/turn

%: no passive effects
@: berserking, beast-form, lightly drained, very quick
A: beast (slay +4), large, unfitting armour, claws 3, regeneration 1, shaggy fur
1, tough skin 1
a: Begin Untransformation, Renounce Religion, Berserk


You were on level 8 of the Dungeon.
You worshipped Trog.
Trog was aware of your devotion.
You were a hulking beast.
You visited 2 branches of the dungeon, and saw 9 of its levels.

You collected 311 gold pieces.

Inventory:

Missiles
 D - 2 throwing nets
Armour
 a - a +0 animal skin
 x - a +0 cloak
 y - +0 acid dragon scales (worn)
Jewellery
 z - a +6 ring of dexterity (left claw)
 E - the amulet of Elemental Vulnerability {rPois rF-- rC-- AC+8}
   (You found it on level 7 of the Dungeon)

   [amulet of nothing]

   AC:        It affects your AC (+8).
   rF:        It makes you very vulnerable to fire.
   rC:        It makes you very vulnerable to cold.
   rPois:     It protects you from poison.
Talismans
 c - a beast talisman
 j - a serpent talisman
Wands
 l - a wand of polymorph (16)
 n - a wand of roots (7)
 w - a wand of flame (8)
Scrolls
 d - 4 scrolls of teleportation
 f - 2 scrolls of noise
 g - 2 scrolls of vulnerability {unknown}
 i - a scroll of blinking {unknown}
 k - 4 scrolls of fear
 o - 2 scrolls of amnesia
 p - 3 scrolls of fog {unknown}
 B - 2 scrolls of identify
 C - a scroll of brand weapon {unknown}
Potions
 b - 3 potions of lignification
 e - 3 potions of heal wounds {unknown}
 h - a potion of invisibility {unknown}
 m - 3 potions of curing {unknown}
 q - a potion of haste {unknown}
 r - a potion of brilliance {unknown}
 s - a potion of enlightenment {unknown}
 t - a potion of degeneration {unknown}
 u - a potion of magic {unknown}
 v - a potion of might {unknown}
 A - a potion of ambrosia {unknown}


   Skills:
 - Level 0.7 Fighting
 - Level 1.5 Dodging
 + Level 11.8 Unarmed Combat
 - Level 6.3 Shapeshifting


You had 8 spell levels left.
You didn't know any spells.
Your spell library contained the following spells:

 Spells                   Type           Power      Damage    Failure   Level
 Passage of Golubria      Tloc           0%         N/A       100%        4
 Silence                  Hex/Air        0%         N/A       100%        5
 Lehudib's Crystal Spear  Conj/Erth      0%         10d2      100%        8


Dungeon Overview and Level Annotations

Branches:
Dungeon (8/15)             Temple (1/1) D:6
   Lair: D:8-11

Altars:
Cheibriados
Dithmenos
Elyvilon
Fedhas
Gozag
Hepliaklqana
Kikubaaqudgha
Makhleb
Nemelex Xobeh
Qazlal
Ru
Sif Muna
Trog
Uskayaw
Vehumet
Wu Jian
Yredelemnul
Zin
The Shining One

Shops:
D:6 [

Annotations:
D:7 exclusion: oklob plant


Innate Abilities, Weirdness & Mutations

You are a hulking beast.
Your limbs bulge with bestial killing power. (Slay +4)
You are too large for most types of armour.
You have claws for hands.
Your natural rate of healing is unusually fast.
You are covered in fur. (AC +1)
You have tough skin. (AC +1)


Message History

A tengu warrior is nearby!
A tengu warrior is nearby!
You miss the tengu warrior. You closely miss the tengu warrior.
The tengu warrior misses you. The tengu warrior closely misses you.
The tengu warrior claws you.
You mangle the tengu warrior!!
The tengu warrior is moderately wounded.
The tengu warrior hits you with a +0 war axe.
The tengu warrior pecks you but does no damage.
The tengu warrior claws you.
You claw the tengu warrior! Your claw misses the tengu warrior.
The tengu warrior is heavily wounded.
The tengu warrior hits you with a +0 war axe!
The tengu warrior completely misses you.
The tengu warrior claws you.
You are too injured to fight recklessly!
You are too injured to fight recklessly!
You are too injured to fight recklessly!
You are too injured to fight recklessly!
You are too injured to fight recklessly!
You are too injured to fight recklessly!
You are too injured to fight recklessly!
You are too injured to fight recklessly!
You are too injured to fight recklessly!
You are too injured to fight recklessly!
You are too injured to fight recklessly!
You miss the tengu warrior. Your claw misses the tengu warrior.
The tengu warrior is heavily wounded.
You barely miss the tengu warrior.
The tengu warrior is heavily wounded.
The tengu warrior hits you with a +0 war axe!
* * * LOW HITPOINT WARNING * * *
The tengu warrior pecks you.
* * * LOW HITPOINT WARNING * * *
The tengu warrior claws you.
* * * LOW HITPOINT WARNING * * *
A red film seems to cover your vision as you go berserk!
You feel yourself moving faster!
You feel mighty!
The tengu warrior hits you with a +0 war axe!!
You die...

.... # ...#
.#..$ ....#
###... ..
#....#
....#.#.Q#
....(?.h##
....###..#
. #..##
#...#
##..##
###...#
#.....##
#...#....#
#...###..##


You could see a tengu warrior.

Vanquished Creatures
  The ghost of derpindaisy the Shield-Bearer, a novice FoFi of Uskayaw (D:5)
  A yaktaur (shapeshifter) (D:8)
  Sigmund (D:2)
  A steam dragon (D:7)
  2 water moccasins (D:6)
  An acid dragon (D:6)
  An orc warrior (D:5)
  A sky beast (D:6)
  An ogre (D:4)
  A black bear (D:7)
  A centaur (D:7)
  A gnoll sergeant (D:6)
  3 scorpions
  Crazy Yiuf (D:5)
  3 orc priests
  2 sleepcaps
  A gnoll bouda (D:7)
  5 hounds
  Natasha (thrice) (D:2)
  Terence (D:2)
  6 iguanas
  3 orc wizards
  6 gnolls
  7 adders
  4 white imps
  4 ufetubi
  5 worms
  2 dart slugs
  19 orcs
  5 endoplasms
  4 giant cockroaches
  8 goblins
  4 hobgoblins
  2 jackals (D:2)
  6 kobolds
  5 quokkas
  5 ball pythons
  8 bats
  2 frilled lizards
  6 rats
143 creatures vanquished.

Notes
Turn   | Place    | Note
-------+----------+-------------------------------------------
     0 | D:1      | Dordric the Troll Shapeshifter began the quest for the Orb.
     0 | D:1      | Reached XP level 1. HP: 18/18 MP: 0/0
    52 | D:1      | Found a faded altar of an unknown god.
   131 | D:1      | Reached XP level 2. HP: 26/26 MP: 1/1
   596 | D:1      | Reached XP level 3. HP: 32/32 MP: 2/2
   840 | D:2      | Reached skill level 4 in Unarmed Combat
   856 | D:2      | Noticed Terence
   858 | D:2      | Noticed Natasha
   874 | D:2      | Killed Natasha
   875 | D:2      | Reached XP level 4. HP: 40/40 MP: 3/3
   881 | D:2      | Noticed Natasha
   887 | D:2      | Killed Terence
   893 | D:2      | Killed Natasha
   894 | D:2      | Reached XP level 5. HP: 7/46 MP: 4/4
  1159 | D:2      | Noticed Natasha
  1170 | D:2      | Killed Natasha
  1433 | D:2      | Noticed Sigmund
  1444 | D:2      | Killed Sigmund
  1445 | D:2      | Reached skill level 5 in Unarmed Combat
  1445 | D:2      | Reached XP level 6. HP: 33/54 MP: 5/5
  1845 | D:3      | Found an ancient bone altar of Kikubaaqudgha.
  2076 | D:4      | Reached skill level 5 in Shapeshifting
  2175 | D:4      | Reached skill level 6 in Unarmed Combat
  2175 | D:4      | Reached XP level 7. HP: 61/61 MP: 6/6
  2324 | D:4      | Found a shimmering blue altar of Sif Muna.
  2386 | D:4      | Identified the +6 dagger of Megalomania {spect, *Corrode
                  | rPois rC+++ Dex-5}
  2723 | D:5      | Entered Level 5 of the Dungeon
  2779 | D:5      | Found a runed translucent door.
  2779 | D:5      | Noticed derpindaisy's ghost (novice FoFi)
  2879 | D:5      | Reached skill level 7 in Unarmed Combat
  2986 | D:5      | Reached XP level 8. HP: 35/68 MP: 7/7
  3161 | D:5      | Found a runed translucent door.
  3162 | D:5      | Noticed Crazy Yiuf
  3422 | D:5      | Killed derpindaisy's ghost
  3423 | D:5      | Reached skill level 9 in Unarmed Combat
  3525 | D:5      | Killed Crazy Yiuf
  3650 | D:6      | Found a staircase to the Ecumenical Temple.
  3685 | Temple   | Entered the Ecumenical Temple
  3723 | Temple   | Became a worshipper of Trog the Wrathful
  3749 | D:6      | Found a glowing silver altar of Zin.
  3766 | D:6      | Found a hazy altar of Hepliaklqana.
  3793 | D:6      | Identified the +9 war axe "Buaf Zou" {drain, Dex+4 Stlth+}
  3820 | D:6      | Reached skill level 10 in Unarmed Combat
  3831 | D:6      | Reached XP level 9. HP: 62/75 MP: 8/8
  4005 | D:6      | Found Ahut's Armour Emporium.
  4452 | D:7      | Reached skill level 11 in Unarmed Combat
  4584 | D:7      | Found a blossoming altar of Fedhas.
  4617 | D:7      | Noticed an oklob plant
  4832 | D:7      | Found the amulet of Elemental Vulnerability {rPois rF--
                  | rC-- AC+8}
  4961 | D:7      | Reached * piety under Trog
  5300 | D:8      | Noticed a yaktaur
  5306 | D:8      | Killed a yaktaur
  5343 | D:8      | Noticed a tengu warrior
  5350 | D:8      | HP: 1/72 [tengu warrior/+0 war axe (4)]
  5351 | D:8      | Demolished by a tengu warrior

Illustrated notes

Levels and vault maps discovered:
D:1:      dpeg_arrival_simpleton_c, layout_basic, shapermc_ecumenical_altar_gd,
          chequers_serial_rivers_small_3, chequers_serial_rivers_micro_a
D:2:      layout_basic, minmay_pentomino_p4, uniq_terence, uniq_natasha,
          uniq_sigmund
D:3:      layout_loops_ring, mainiacjoe_overflow_concentric_impassable
D:4:      layout_loops_ring, mainiacjoe_overflow_six_doors_small
D:5:      layout_gridville, hellmonk_ghost_happy_afterlife,
          uniq_crazy_yiuf_cottage
D:6:      layout_cave_pools, old_standard_altar,
          mainiacjoe_overflow_tiny_flanked, minmay_temple_entry_ruins,
          serial_column_ruins, column_ruins_hut_ruined, column_ruins_open_tiny,
          column_ruins_grid_1, column_ruins_open_tiny_water,
          column_ruins_open_small, serial_shops, nicolae_shop_tiny_glass,
          chequers_jeans
D:7:      layout_basic, tgw_fedhas, grunt_ministairs_13
D:8:      minmay_diamond_stairs, layout_rooms, ashenzari_conservatory_becter,
          serial_aquarium, aquarium_bridge_long_joined [aquarium_subvault_wall,
          aquarium_subvault_bridge, aquarium_subvault_bridge,
          aquarium_subvault_balcony, aquarium_subvault_balcony,
          aquarium_subvault_window], aquarium_bridge_square
          [aquarium_subvault_bridge, aquarium_subvault_bridge,
          aquarium_subvault_wall, aquarium_subvault_bridge],
          aquarium_window_corner, aquarium_window_fake, aquarium_view_2e,
          aquarium_view_2e, aquarium_pool_S, glass_columns_b
Temple:   dpeg_chambers_temple

Skill      XL: |  1  2  3  4  5  6  7  8  9 |
---------------+----------------------------+-----
Unarmed Combat | 4 5 6 7 10 11 | 11.8
Shapeshifting  | 4 5 6 |  6.3
Fighting       | |  0.7
Dodging        | |  1.5

Action                     |  1- 3 |  4- 6 |  7- 9 || total
---------------------------+-------+-------+-------++-------
  Melee: Unarmed           |    88 |    94 |   197 ||   379
         Punch             |     2 |     1 |     6 ||     9
 Invoke: Berserk           |       |       |     1 ||     1
    Use: Potion            |       |       |     1 ||     1
         Scroll            |       |       |     4 ||     4
   Stab: Sleeping          |     1 |     4 |     1 ||     6
 Armour: Animal skin       |    47 |    15 |    23 ||    85
         Skin              |       |       |    12 ||    12
         Acid dragon scale |       |       |    27 ||    27
  Dodge: Dodged            |    46 |    41 |    78 ||   165
   Form: Anaconda          |     1 |       |       ||     1
         Beast             |     1 |       |       ||     1

Table legend: (Time is in decaauts)
 A = Elapsed time spent in this place.
 B = Non-inter-level travel time spent in this place.
 C = Inter-level travel time spent in this place.
 D = Time resting spent in this place.
 E = Time spent auto-exploring this place.
 F = Levels seen in this place.
 G = Mean time per level.
                   A        B        C        D        E       F      G
               +--------+--------+--------+--------+--------+-----+--------+
         Total |   5302 |   5060 |    242 |      0 |   4196 |   9 |  589.1 |
       Dungeon |   5251 |   5022 |    229 |      0 |   4183 |   8 |  656.4 |
        Temple |     51 |     38 |     13 |      0 |     13 |   1 |   51.0 |
               +--------+--------+--------+--------+--------+-----+--------+

Top non-repeatable levels by time:
     D:7: 979 daAuts
     D:5: 894 daAuts
     D:2: 799 daAuts
     D:1: 696 daAuts
     D:4: 650 daAuts
     D:6: 598 daAuts
     D:3: 558 daAuts
     D:8: 73 daAuts
  Temple: 51 daAuts
